 Dungeon Crawl Stone Soup version 0.27.0-1-g7a089689b8 (webtiles) character file.

Game seed: 8398962248327974452

175 Ge0ff the Ruffian (level 5, 0/42 HPs)
             Began as a Ghoul Conjurer on Aug 8, 2021.
             Slain by Sigmund (11 damage)
             ... on level 3 of the Dungeon.
             The game lasted 00:07:12 (3734 turns).

Ge0ff the Ruffian (Ghoul Conjurer)                  Turns: 3734, Time: 00:07:13

Health: 0/42       AC:  5    Str: 10 (12) XL:     5   Next: 55%
Magic:  6/6        EV: 11    Int: 11 (13) God:
Gold:   97         SH:  0    Dex:  6 (7)  Spells: 7/7 levels left

rFire    . . .     SeeInvis .   a - +2 dagger (elec)
rCold    + . .     Faith    .   (no shield)
rNeg     + + +     Spirit   .   Z - +0 leather armour
rPois    ∞         Reflect  .   V - +0 helmet
rElec    .         Harm     .   (no cloak)
rCorr    .         Rampage  .   e - +0 pair of gloves
Will     .....                  (no boots)
Stlth    +.........             (no amulet)
HPRegen  0.00/turn              (no ring)
MPRegen  0.10/turn              (no ring)

@: confused, flying, inhibited regen, hasted, very quick
A: claws 1, cold resistance 1, negative energy resistance 3, inhibited
regeneration, torment resistance 2
a: no special abilities


You were on level 3 of the Dungeon.
You visited 1 branch of the dungeon, and saw 3 of its levels.

You collected 132 gold pieces.
You spent 35 gold pieces at shops.

Inventory:

Hand Weapons
 a - a +2 dagger of electrocution (weapon)
 U - a +3 dagger
Missiles
 k - 51 stones (quivered)
Armour
 e - a +0 pair of gloves (worn)
 V - a +0 helmet (worn)
 X - a +0 robe
 Z - a +0 leather armour (worn)
Scrolls
 m - 2 scrolls of enchant armour
 E - a scroll of fear
 T - 2 scrolls of teleportation


   Skills:
 + Level 2.5 Fighting
 - Level 1.0 Short Blades
 + Level 1.0 Armour
 - Level 2.0 Dodging
 - Level 2.1 Stealth
 * Level 4.0 Unarmed Combat
 - Level 1.7 Spellcasting
 - Level 3.2 Conjurations


You had 7 spell levels left.
You didn't know any spells.
Your spell library contained the following spells:

 Spells                   Type           Power      Damage    Failure   Level
 Magic Dart               Conj           32%        1d4       11%         1
 Searing Ray              Conj           16%        3d3       16%         2
 Shock                    Conj/Air       16%        1d4       22%         1
 Static Discharge         Conj/Air       4%         N/A       32%         2
 Dazzling Flash           Conj/Hex       8%         N/A       54%         3
 Swiftness                Air            0%         N/A       77%         3
 Fulminant Prism          Conj/Hex       2%         3d6       91%         4
 Iskenderun's Mystic Bla  Conj/Tloc      4%         2d3       91%         4
 Sticky Flame             Conj/Fire      4%         2d3       91%         4
 Airstrike                Air            0%         N/A       99%         4
 Dispel Undead            Necr           0%         3d6       99%         4
 Chain Lightning          Conj/Air       2%         3d2       100%        9
 Fire Storm               Conj/Fire      2%         8d1       100%        9


Dungeon Overview and Level Annotations

Branches:
Dungeon (3/15)

Altars:
Zin

Shops:
D:2 ?

Annotations:
D:3 2 transporters, Leeroy's ghost, amateur DjWr; Sigmund


Innate Abilities, Weirdness & Mutations

You thrive by killing the living.
You are immune to poison.
You have sharp fingernails.
Your flesh is cold resistant. (rC+)
You are immune to negative energy. (rN+++)
You do not regenerate when monsters are visible.
You are immune to unholy pain and torment.


Message History

The goblin hits you but does no damage.
You hit the goblin. Lightning courses through the goblin!
You kill the goblin!
T - 2 scrolls of teleportation (gained 1)
Things that are here:
a +0 club; a +0 pair of gloves; a goblin corpse The ball python hisses angrily.
Leeroy's ghost stares at you.
Sigmund shouts!
Sigmund is nearby!
It was a potion of mutation.
You feel extremely strange.
Your body decomposes!
You feel dopey.
Your body decomposes!
You feel weakened.
Your body decomposes!
You feel dopey.
Sigmund says, "Don't worry, I'll kill you fast."
It was a potion of flight.
You feel very buoyant.
You fly up into the air.
Leeroy's ghost holds its blade at the ready.
Sigmund gestures at you while chanting. You resist with some effort.
It was a potion of haste.
You feel yourself speed up.
Sigmund hits you from afar with a +0 scythe.
You hit Sigmund.
Sigmund is lightly wounded.
Sigmund gestures at you while chanting.
You are confused.
You hit Sigmund but do no damage.
Sigmund is lightly wounded.
Sigmund hits you with a +0 scythe!
You closely miss Sigmund.
Sigmund is lightly wounded.
You closely miss Sigmund.
Sigmund is lightly wounded.
Sigmund misses you.
You completely miss Sigmund.
Sigmund is lightly wounded.
You hit Sigmund.
Sigmund is lightly wounded.
Sigmund closely misses you.
Sigmund hits you from afar with a +0 scythe!
Your leather armour prevents you from hitting Sigmund.
Sigmund is lightly wounded.
Sigmund hits you with a +0 scythe!
* * * LOW HITPOINT WARNING * * *
Sigmund hits you from afar with a +0 scythe!
You die...

##.......#.#.....#.#...# #.###
####....#....©....#...####.###
#....#.#.....#.#........##.
#....#..#...#..#.#########. ##
#....#.........#.#######... .#
#....##8.$SbW8##.##......##
.######.....#########..##........
>...............©.....###........
................@..##............
............)..........##.......#
..####....#.####@#.#.#.##.......#
..####....#.## #.#.#.#.##.......#
.##.......#..# #.#.#.#.#######.##
.PPPPPPPPPPP.P##....##.# #.##
.......P.....P##.#.###.# ##...
.PPP.P.P.PPP.P##.#.###.######....
.P...P...P...P##............#.###


You could see Sigmund, Leeroy's ghost, a bat and a ball python.

Vanquished Creatures
  An orc priest (D:3)
  Robin (D:1)
  3 adders
  A shadow imp (D:3)
  An adder zombie (D:2)
  A worm (D:3)
  2 adder skeletons (D:2)
  2 dart slugs
  3 orcs (D:3)
  6 endoplasms
  2 giant cockroaches
  3 hobgoblins
  3 jackals (D:2)
  8 ball pythons
  3 ball python skeletons (D:2)
  A ball python zombie (D:2)
  7 bats
  4 frilled lizards
  A giant cockroach zombie (D:2)
  17 goblins
  A jackal zombie (D:2)
  4 kobolds
  6 rats
  A bush (D:3)
82 creatures vanquished.

Vanquished Creatures (others)
  2 withered plants (D:2)
2 creatures vanquished.

Grand Total: 84 creatures vanquished

Notes
Turn   | Place    | Note
-------+----------+-------------------------------------------
     0 | D:1      | Ge0ff the Ghoul Conjurer began the quest for the Orb.
     0 | D:1      | Reached XP level 1. HP: 14/14 MP: 2/2
   207 | D:1      | Reached skill level 1 in Unarmed Combat
   280 | D:1      | Reached XP level 2. HP: 22/22 MP: 3/3
   418 | D:1      | Reached skill level 1 in Fighting
   741 | D:1      | Reached skill level 2 in Unarmed Combat
   876 | D:1      | Reached XP level 3. HP: 27/28 MP: 4/4
  1011 | D:1      | Found a faded altar of an unknown god.
  1439 | D:2      | Noticed Robin
  1477 | D:1      | Killed Robin
  1478 | D:1      | Reached skill level 3 in Unarmed Combat
  1478 | D:1      | Reached XP level 4. HP: 6/36 MP: 5/5
  1830 | D:2      | Found Guhuus's Magic Scroll Emporium.
  1833 | D:2      | Bought a scroll of fear for 35 gold pieces
  2147 | D:2      | Reached skill level 1 in Short Blades
  2546 | D:3      | Found a transporter.
  2547 | D:3      | Found a transporter.
  2547 | D:3      | Noticed Leeroy's ghost (amateur DjWr)
  2624 | D:3      | Noticed Sigmund
  3484 | D:3      | Reached XP level 5. HP: 38/41 MP: 6/6
  3603 | D:3      | Reached skill level 1 in Armour
  3603 | D:3      | Reached skill level 4 in Unarmed Combat
  3734 | D:3      | Slain by Sigmund

Illustrated notes

Levels and vault maps discovered:
D:1:      dpeg_arrival_leaves_temple_mockup, layout_loops_ring,
          dreamdust_ecumenical_altar_sealed_demon, minmay_pentomino_o2
D:2:      layout_basic, serial_shops, shop_statue, basic_altar, serial_undead,
          serial_undead_d, serial_undead_c, serial_undead_e, serial_undead_b,
          serial_undead_e, serial_undead_d, chequers_serial_rivers_micro_d,
          wander_ebering_terrifying_dragon_lair, uniq_robin
D:3:      layout_loops_cross, gammafunk_ghost_arena, minmay_hedge_maze,
          uniq_sigmund

Skill      XL: |  1  2  3  4  5 |
---------------+----------------+-----
Unarmed Combat | 1 2 3 4 |  4.0
Fighting       | 1 2 |  2.5
Short Blades   | 1 |  1.0
Dodging        | 2 |  2.0
Armour         | 1 |  1.0
Stealth        | |  2.1
Spellcasting   | |  1.7
Conjurations   | |  3.2

Action                   |  1- 3 |  4- 6 || total
-------------------------+-------+-------++-------
Melee: Unarmed           |   136 |     6 ||   142
       Punch             |     1 |     1 ||     2
       Dagger            |       |   129 ||   129
Throw: Stone             |    98 |    31 ||   129
  Use: Scroll            |     5 |     1 ||     6
       Potion            |       |     5 ||     5
 Stab: Sleeping          |       |     1 ||     1
Armor: Robe              |    27 |    17 ||    44
       Leather armour    |       |     6 ||     6
Dodge: Dodged            |    88 |    34 ||   122
